 Dungeon Crawl Stone Soup version 0.31.0-12-g77e489cdc1 (webtiles) character file.

Game seed: 8260434191843988663

6369 Doomgape the Grappler (level 10, -3/104 HPs)
             Began as a Troll Shapeshifter on Feb 18, 2024.
             Was an Elder of Okawaru.
             Killed by the air
             ... invoked by Gastronok
              (23 damage)
             ... on level 8 of the Dungeon.
             The game lasted 00:19:58 (6286 turns).

Doomgape the Grappler (Troll Shapeshifter)          Turns: 6286, Time: 00:19:58

Health: -3/104     AC:  8    Str: 28    XL:     10   Next: 65%
Magic:  7/9        EV: 11    Int:  6    God:    Okawaru [****..]
Gold:   500        SH:  0    Dex:  9    Spells: 9/9 levels left

rFire   . .          .
                       - Unarmed
rCold   . . .        (no shield)
rNeg    . . .        o - +0 steam dragon scales
rPois   .            (helmet currently unavailable)
rElec   .            (cloak currently unavailable)
rCorr   .            (gloves unavailable)
SInv    .            (boots unavailable)
Will    .....        (no amulet)
Stlth   +++          (no ring)
HPRegen 1.17/turn    (no ring)
MPRegen 0.11/turn

%: no passive effects
@: beast-form, heroic
A: beast (slay +4), large, unfitting armour, claws 3, regeneration 1, shaggy fur
1, tough skin 1
a: Begin Untransformation, Renounce Religion, Heroism, Finesse


You were on level 8 of the Dungeon.
You worshipped Okawaru.
Okawaru was greatly pleased with you.
You were a hulking beast.
You visited 2 branches of the dungeon, and saw 9 of its levels.
You also visited: Ossuary.

You collected 500 gold pieces.

Inventory:

Missiles
 r - 2 throwing nets (quivered)
Armour
 f - an orb of mayhem
 o - +0 steam dragon scales (worn)
 D - a +0 kite shield
Talismans
 c - a beast talisman
 d - a flux talisman
 v - a blade talisman
Wands
 m - a wand of roots (30)
 u - a wand of flame (23)
 x - a wand of polymorph (9)
 C - a wand of light (5)
Scrolls
 a - 2 scrolls of teleportation
 e - a scroll of immolation
 g - a scroll of identify
 i - a scroll of vulnerability
 p - 2 scrolls of poison
 q - 2 scrolls of revelation
 s - 2 scrolls of fear
 t - 2 scrolls of brand weapon
 w - a scroll of enchant armour
 y - 3 scrolls of fog
Potions
 b - 3 potions of lignification
 h - 3 potions of magic
 j - a potion of haste {unknown}
 k - 4 potions of mutation
 l - 5 potions of curing {unknown}
 n - a potion of cancellation {unknown}
 z - a potion of attraction {unknown}
 A - a potion of invisibility {unknown}
 B - a potion of resistance {unknown}
 E - 2 potions of heal wounds


   Skills:
 - Level 8.0(13.0) Fighting
 - Level 1.5(6.5) Dodging
 + Level 9.9(14.9) Unarmed Combat
 + Level 0.2 Invocations
 + Level 9.2 Shapeshifting


You had 9 spell levels left.
You didn't know any spells.
Your spell library contained the following spells:

 Spells                   Type           Power      Damage    Failure   Level
 Freeze                   Ice            0%         1d3       45%         1
 Blink                    Tloc           0%         N/A       58%         2
 Ensorcelled Hibernation  Hex/Ice        0%         N/A       58%         2
 Lesser Beckoning         Tloc           0%         N/A       58%         2
 Momentum Strike          Conj/Tloc      0%         3d8       58%         2
 Dazzling Flash           Conj/Hex       0%         N/A       83%         3
 Frozen Ramparts          Ice            0%         1d1       83%         3
 Fugue of the Fallen      Necr           0%         N/A       83%         3
 Hailstorm                Conj/Ice       0%         3d5       83%         3
 Volatile Blastmotes      Fire/Tloc      0%         2d10      83%         3
 Anguish                  Hex/Necr       0%         N/A       99%         4
 Starburst                Conj/Fire      0%         6d3       100%        6
 Maxwell's Capacitive Co  Air            0%         ∞         100%        8


Dungeon Overview and Level Annotations

Branches:
Dungeon (8/15)             Temple (1/1) D:5         Ossuary (visited)
   Lair: D:8-11

Altars:
Ashenzari
Cheibriados
Dithmenos
Elyvilon
Fedhas
Gozag
Hepliaklqana
Kikubaaqudgha
Makhleb
Nemelex Xobeh
Okawaru
Qazlal
Ru
Sif Muna
Trog
Uskayaw
Vehumet
Wu Jian
Xom
Yredelemnul
Zin
The Shining One

Shops:
D:2 :

Annotations:
D:5 1 runed translucent door, billyroblox's ghost, novice HuHu
D:8 Gastronok


Innate Abilities, Weirdness & Mutations

You are a hulking beast.
Your limbs bulge with bestial killing power. (Slay +4)
You are too large for most types of armour.
You have claws for hands.
Your natural rate of healing is unusually fast.
You are covered in fur. (AC +1)
You have tough skin. (AC +1)


Message History

You kill the boggart!
Okawaru accepts your kill.
Your Fighting skill increases to level 8!
You scratch the boggart.
The boggart is lightly wounded.
The boggart hits you.
You mangle the boggart!!
You kill the boggart!
Okawaru accepts your kill.
Gastronok waves his eye-stalks in wide circles.
The air twists around and strikes you!!
A two-headed ogre comes into view. It is wielding two +0 giant clubs.
The two-headed ogre shouts in stereo!
Aiming: Bolt of Light
Press: ? - help, Shift-Dir - straight line, f/p - Gastronok
Aim: Gastronok, wearing a +0 hat (100% to hit)
The bolt of light hits Gastronok!
Gastronok is lightly wounded.
Gastronok is blinded.
You hear two shouts!
A two-headed ogre comes into view. It is wielding two +0 giant clubs.
The two-headed ogre shouts in stereo!
Unknown command.
You scratch Gastronok.
Gastronok is lightly wounded.
Unknown command.
You mangle Gastronok!! You claw Gastronok!
Gastronok is moderately wounded.
Gastronok is no longer blind.
Gastronok bites you!
Unknown command.
You gain the combat prowess of a mighty hero.
The two-headed ogre hits you with a +0 giant club!! x2
* * * LOW HITPOINT WARNING * * *
Unknown command.
You mangle Gastronok!!
Gastronok is heavily wounded.
Gastronok waves his eye-stalks in wide circles.
The air twists around and strikes you!!
You die...
Gastronok gurgles, "Let's see if you taste as good as that wizard did."

.........########................
......####### ..#######.......
...#### ##.. ..####..........
#### ...8. ..#............. #
8....# ##.#............. #
......##..............## #
.........##....##.....## #
......O..##......#....## #
.....Owh.#.....#......## #
......##.#.....##..##### # 8....
#.....+##........ #### ...8
###...# #........ ...#### ##.
###...###........ ##..... #
#.....##......... .......
#######.....##......... ######
#...........##......... ...#
#......................


You could see Gastronok and 2 two-headed ogres.

Vanquished Creatures
  A two-headed ogre (D:7)
  Maggie (D:8)
  Jeremiah (D:8)
  Sigmund (D:3)
  2 wyverns
  11 yaks (D:8)
  A steam dragon (D:7)
  3 water moccasins
  A sky beast (D:4)
  A black bear (D:6)
  3 orc warriors
  2 ice beasts
  3 ogres
  2 boggarts (D:8)
  A centaur (D:7)
  A phantom (D:4)
  2 elf zombies (Ossuary)
  A bullfrog (D:7)
  3 scorpions
  2 gnoll sergeants
  3 wights (D:8)
  4 hounds
  2 orc priests
  A human zombie (Ossuary)
  A jelly (D:4)
  A gnoll bouda (D:4)
  3 iguanas
  4 orc wizards
  2 scorpion zombies (D:6)
  4 mummies (Ossuary)
  9 gnolls
  9 adders
  4 howler monkey skeletons (D:6)
  A shadow imp (D:6)
  2 white imps
  4 adder zombies (Ossuary)
  2 dart slugs
  4 ribbon worms
  26 orcs
  8 ball pythons
  6 endoplasms
  7 giant cockroaches
  14 hobgoblins
  6 jackals
  8 kobolds
  3 quokkas
  6 bats
  2 frilled lizards
  A gnoll zombie (Ossuary)
  5 goblins
  A goblin skeleton (D:6)
  3 goblin zombies (D:6)
  3 hobgoblin zombies
  A jackal zombie (Ossuary)
  A kobold skeleton (D:6)
  An orc skeleton (D:6)
  2 orc zombies
  5 rats
212 creatures vanquished.

Vanquished Creatures (others)
  An arcanist (D:7)
1 creature vanquished.

Grand Total: 213 creatures vanquished

Notes
Turn   | Place    | Note
-------+----------+-------------------------------------------
     0 | D:1      | Doomgape the Troll Shapeshifter began the quest for the
                  | Orb.
     0 | D:1      | Reached XP level 1. HP: 18/18 MP: 0/0
   158 | D:1      | Found a faded altar of an unknown god.
   270 | D:1      | Reached skill level 1 in Fighting
   496 | D:1      | Reached XP level 2. HP: 27/27 MP: 1/1
  1063 | D:2      | Reached XP level 3. HP: 33/33 MP: 2/2
  1093 | D:2      | Found Quta's Book Emporium.
  1492 | D:2      | Reached XP level 4. HP: 42/42 MP: 3/3
  1813 | D:3      | Noticed Sigmund
  1821 | D:3      | Killed Sigmund
  1822 | D:3      | Reached XP level 5. HP: 52/52 MP: 4/4
  1929 | D:3      | Reached XP level 6. HP: 53/59 MP: 5/5
  2423 | D:4      | Reached skill level 5 in Unarmed Combat
  2483 | D:4      | Reached XP level 7. HP: 53/67 MP: 6/6
  2515 | D:4      | Found a stormy altar of Qazlal.
  2534 | D:4      | Reached skill level 5 in Shapeshifting
  2736 | D:4      | Identified the +6 falchion "Umiojy" {spect, rPois rF+
                  | Dex+2}
  2832 | D:4      | Found a broken altar of Ashenzari.
  2993 | D:5      | Entered Level 5 of the Dungeon
  3044 | D:5      | Found a glowing silver altar of Zin.
  3154 | D:5      | Found a white marble altar of Elyvilon.
  3266 | D:5      | Found a runed translucent door.
  3266 | D:5      | Noticed billyroblox's ghost (novice HuHu)
  3371 | D:5      | Found a staircase to the Ecumenical Temple.
  3376 | Temple   | Entered the Ecumenical Temple
  3386 | Temple   | Became a worshipper of Warmaster Okawaru
  3470 | D:5      | Reached XP level 8. HP: 47/79 MP: 7/7
  3688 | D:6      | Found a glowing golden altar of the Shining One.
  3814 | D:6      | Reached skill level 5 in Fighting
  3912 | D:6      | Found a sand-covered staircase.
  3915 | D:6      | Reached * piety under Okawaru
  3920 | Ossuary  | Entered an ossuary
  4304 | D:6      | Reached XP level 9. HP: 87/89 MP: 8/8
  4476 | D:7      | Noticed a two-headed ogre
  4491 | D:7      | Killed a two-headed ogre
  4491 | D:7      | Reached ** piety under Okawaru
  4821 | D:7      | Found a bloodstained altar of Trog.
  4822 | D:7      | Noticed a wizard
  4827 | D:7      | Killed a wizard
  5040 | D:7      | Found a sacrificial altar of Ru.
  5444 | D:8      | Noticed Jeremiah
  5448 | D:8      | Noticed Maggie
  5484 | D:8      | Reached XP level 10. HP: 97/102 MP: 9/9
  5487 | D:8      | Reached *** piety under Okawaru
  5498 | D:8      | Killed Maggie
  5547 | D:8      | Killed Jeremiah
  5767 | D:8      | Found a snail-covered altar of Cheibriados.
  5770 | D:8      | Found a radiant altar of Vehumet.
  5773 | D:8      | Found a blossoming altar of Fedhas.
  5968 | D:8      | Reached **** piety under Okawaru
  6267 | D:8      | Noticed Gastronok
  6280 | D:8      | Noticed a two-headed ogre
  6282 | D:8      | Noticed a two-headed ogre
  6286 | D:8      | Killed from afar by Gastronok

Illustrated notes

Levels and vault maps discovered:
D:1:      elethiomel_arrival_maze, layout_basic, serial_bayou,
          serial_bayou_ford_a, serial_bayou_shore_b, serial_bayou_lake_a,
          serial_bayou_pond_a, serial_bayou_shore_b, basic_ecumenical_altar,
          minmay_pentomino_x4
D:2:      wander_river, layout_basic, serial_shops, shop
D:3:      layout_loops_cross, uniq_sigmund
D:4:      cheibrodos_barr_body, layout_rooms, nicolae_overflow_crystal_walls,
          nicolae_qazlal_beasts_of_the_sky
D:5:      layout_gridville, elyvilon_altar_3, zin_academy, temple_doors_ab,
          ebering_ghost_reflecting_pool, dreamdust_mushroom_princess
D:6:      layout_rooms, nicolae_tso_besieged_by_evil,
          mainiacjoe_ossuary_entry_find_the_door, chequers_serial_rivers_micro_d
D:7:      hellmonk_destroyed_diamonds, layout_cave_pools, trog_wizard,
          kennysheep_little_box
D:8:      layout_basic, grunt_temple_overflow_diamond,
          nicolae_phantomly_mirrored, uniq_jeremiah, uniq_maggie, uniq_gastronok
Temple:   nicolae_temple_x_marks_the_god

Skill      XL: |  1  2  3  4  5  6  7  8  9 10 |
---------------+-------------------------------+-----
Fighting       | 1 2 3 4 5 7 8 |  8.0
Unarmed Combat | 4 5 6 7 8 9 |  9.9
Shapeshifting  | 4 5 6 8 9 |  9.2
Dodging        | |  1.5
Invocations    | |  0.2

Action                     |  1- 3 |  4- 6 |  7- 9 | 10-12 || total
---------------------------+-------+-------+-------+-------++-------
  Melee: Unarmed           |   106 |    96 |   256 |    95 ||   553
         Punch             |       |       |    12 |    12 ||    24
 Invoke: Heroism           |       |       |     1 |     1 ||     2
  Evoke: Wand              |       |       |     1 |     4 ||     5
    Use: Scroll            |       |     5 |    10 |     1 ||    16
         Potion            |       |       |     2 |     7 ||     9
   Stab: Sleeping          |     1 |       |       |       ||     1
 Armour: Animal skin       |    50 |    64 |   187 |       ||   301
         Steam dragon scal |       |       |    23 |    67 ||    90
  Dodge: Dodged            |    50 |    35 |   124 |    31 ||   240
